 Dungeon Crawl Stone Soup version 0.19.1-1-g22dce08 (webtiles) character file.

292434 HEYYEYAAE the Gelid (level 19, -1/172 HPs)
             Began as a White Draconian Ice Elementalist on Jan 12, 2017.
             Was the Champion of Okawaru.
             Hit by a large rock thrown by a stone giant (8 damage)
             ... on level 4 of the Vaults on Jan 13, 2017.
             The game lasted 02:40:18 (49733 turns).

HEYYEYAAE the Gelid (DrIE)                         Turns: 49733, Time: 02:40:19

Health: -1/172     AC: 27    Str: 17    XL:     19   Next: 98%
Magic:  10/48      EV: 22    Int: 24    God:    Okawaru [******]
Gold:   942        SH: 10    Dex: 23    Spells: 14 memorised, 12 levels left

rFire  + + .     SeeInvis .     X - +7 falchion "Beetle's Death Toll" {pain, rF+ Str+3 Dex+4 Stlth+}
rCold  + + +     Gourm    .     (armour unavailable)
rNeg   + + .     Faith    +     H - +2 buckler {AC+3}
rPois  +         Spirit   .     T - +1 hat {MR+}
rElec  +         Reflect  .     M - -1 cloak of Maoreop {rElec Regen+ Int+3}
rCorr  .         Harm     .     R - +1 pair of gloves "Nipra" {rF+ rC+ rN+}
MR     ++...                    w - +1 pair of boots "Jiak" {Slay+4}
Stlth  ++++......               o - amulet "Vicog" {Faith *Corrode rC+ rN+ Dex+4}
                                j - ring "Macouschy" {rPois MP+9 Stlth+}
                                J - +6 ring of slaying

@: icy armour, very slightly contaminated, invisible, slow
A: breathe frost, unfitting armour, agile 1, cold resistance 1, strong 1,
cold-blooded, AC +10
a: Breathe Frost, Heroism, Finesse, Renounce Religion
}: 2/15 runes: decaying, serpentine


You were on level 4 of the Vaults.
You worshipped Okawaru.
Okawaru was exalted by your worship.
You were very hungry.

You visited 8 branches of the dungeon, and saw 37 of its levels.
You visited 1 bazaar.
You also visited: Labyrinth, Bailey and Volcano.

You collected 3391 gold pieces.
You spent 2449 gold pieces at shops.

Inventory:

Hand Weapons
 l - the +0 hand crossbow of Voysseuw {freeze, +Blink +Inv Str-5 Stlth+}
   (Okawaru gifted it to you on level 2 of the Vaults)

   It causes projectiles fired from it to freeze those they strike, causing
   extra injury to most foes and up to half again as much damage against
   particularly susceptible opponents.
   They can also slow down cold-blooded creatures.
   It affects your strength (-5).
   It lets you turn invisible.
   It lets you blink.
   It makes you more stealthy.
 q - the +6 long sword of the Sun {slice, *Slow rF+ Int+6 Stlth+}
   (You found it on level 2 of the Swamp)

   It inflicts extra damage upon your enemies.
   It affects your intelligence (+6).
   It protects you from fire.
   It may slow you when you take damage.
   It makes you more stealthy.
 y - a +9 scimitar of electrocution
 X - the +7 falchion "Beetle's Death Toll" (weapon) {pain, rF+ Str+3 Dex+4 Stlth+}
   (Okawaru gifted it to you on level 3 of the Vaults)

   In the hands of one skilled in necromantic magic, it inflicts extra damage on
   living creatures.
   It affects your strength (+3).
   It affects your dexterity (+4).
   It protects you from fire.
   It makes you more stealthy.
Missiles
 F - 572 bolts
Armour
 w - the +1 pair of boots "Jiak" (worn) {Slay+4}
   (Okawaru gifted it to you on level 3 of the Lair of Beasts)

   It affects your accuracy and damage with ranged weapons and melee attacks
   (+4).
 H - a +2 buckler of protection (worn)
 I - the +4 cloak of Vuewig {MP+9}
   (Okawaru gifted it to you on level 3 of the Vaults)

   It affects your magic capacity (+9).
 M - the -1 cloak of Maoreop (worn) {rElec Regen+ Int+3}
   (Okawaru gifted it to you on level 6 of the Lair of Beasts)

   It affects your intelligence (+3).
   It insulates you from electricity.
   It increases your rate of regeneration.
 P - the +2 pair of boots "Wuapuy" {Dex+5 Stlth-}
   (You found it on level 9 of the Dungeon)

   It affects your dexterity (+5).
   It makes you less stealthy.
 Q - a +0 shield of protection
 R - the +1 pair of gloves "Nipra" (worn) {rF+ rC+ rN+}
   (Okawaru gifted it to you on level 2 of the Snake Pit)

   It protects you from fire.
   It protects you from cold.
   It protects you from negative energy.
 T - a +1 hat of magic resistance (worn)
Jewellery
 g - an uncursed ring of protection from fire
 j - the ring "Macouschy" (right hand) {rPois MP+9 Stlth+}
   (You bought it in a shop in a bazaar)

   [ring of stealth]

   It protects you from poison.
   It affects your magic capacity (+9).
   It makes you more stealthy.
 o - the amulet "Vicog" (around neck) {Faith *Corrode rC+ rN+ Dex+4}
   (You found it in a labyrinth)

   [amulet of faith]

   It allows you to gain divine favour quickly.
   It affects your dexterity (+4).
   It protects you from cold.
   It protects you from negative energy.
   It may corrode you when you take damage.
 s - an uncursed ring of positive energy {unknown}
 J - a +6 ring of slaying (left hand)
 S - the ring "Vorgh" {MR+ Str+3 Dex+2}
   (You found it on level 3 of the Lair of Beasts)

   [ring of protection from magic]

   It affects your strength (+3).
   It affects your dexterity (+2).
   It affects your resistance to hostile enchantments.
 Y - an uncursed ring of ice
Wands
 d - a wand of hasting (0/9)
 B - a wand of iceblast (3/15)
 G - a wand of paralysis (10/24)
 N - a wand of digging (10/24)
Scrolls
 f - 18 scrolls of remove curse
 h - 5 scrolls of fog
 i - 8 scrolls of immolation
 p - 5 scrolls of magic mapping
 t - a scroll of recharging
 x - a scroll of brand weapon
 L - a scroll of summoning
 U - 2 scrolls of teleportation
 V - 3 scrolls of silence
 W - 3 scrolls of amnesia
Potions
 a - a potion of might
 c - a potion of agility
 e - 4 potions of cure mutation
 m - 4 potions of berserk rage
 n - 5 potions of lignification
 r - a potion of invisibility
 u - 3 potions of cancellation
 v - 3 potions of brilliance
 z - 3 potions of ambrosia
 A - a potion of flight
 C - 2 potions of resistance
 K - 2 potions of magic
 Z - a potion of curing
Miscellaneous
 D - a lamp of fire
 E - a sack of spiders
 O - a fan of gales
Comestibles
 b - 15 bread rations
 k - 8 meat rations


   Skills:
 - Level 16.1 Fighting
 + Level 10.6 Long Blades
 - Level 4.7 Crossbows
 - Level 10.5 Dodging
 - Level 1.7 Stealth
 - Level 11.8 Shields
 - Level 16.0 Spellcasting
 - Level 9.4 Conjurations
 - Level 3.1 Translocations
 - Level 16.6 Ice Magic
 - Level 9.2 Air Magic
 - Level 9.6 Evocations


You had 12 spell levels left.
You knew the following spells:

 Your Spells              Type           Power        Failure   Level  Hunger
a - Freeze                Ice            ####         0%          1    None
b - Throw Icicle          Conj/Ice       ######..     1%          4    None
c - Ozocubu's Armour      Chrm/Ice       ######..     1%          3    None
d - Summon Ice Beast      Ice/Summ       ######..     1%          4    None
e - Throw Frost           Conj/Ice       ######       1%          2    None
f - Blink                 Tloc           N/A          1%          2    None
g - Mephitic Cloud        Conj/Pois/Air  #####...     1%          3    None
h - Repel Missiles        Chrm/Air       #####.       1%          2    None
i - Dazzling Spray        Conj/Hex       #####.       1%          3    None
j - Conjure Ball Lightni  Conj/Air       ######....   12%         6    ####...
k - Passwall              Tmut/Erth      ###.......   4%          2    None
l - Shroud of Golubria    Chrm/Tloc      ####......   1%          2    None
m - Portal Projectile     Tloc           ####..       2%          3    None
n - Apportation           Tloc           ####......   1%          1    None


Dungeon Overview and Level Annotations

Branches:
Dungeon (15/15)            Temple (1/1) D:4            Lair (6/6) D:8
  Swamp (4/4) Lair:3        Snake (4/4) Lair:3        Slime (1/5) Lair:5
    Orc (2/2) D:10            Elf (0/3) Orc:2        Vaults (4/5) D:14
  Crypt (0/3) Vaults:3     Depths (0/5) D:15

Altars:
Ashenzari
Cheibriados
Dithmenos
Elyvilon
Fedhas
Gozag
Kikubaaqudgha
Makhleb
Nemelex Xobeh
Okawaru
Qazlal
Ru
Sif Muna
Trog
Uskayaw
Vehumet
Xom
Yredelemnul
Zin
The Shining One
Beogh
Jiyva

Shops:
Orc:2 }((?*   Snake:2 ((   Vaults:3 [


Innate Abilities, Weirdness & Mutations

You can breathe waves of freezing cold.
You can buffet flying creatures when you breathe cold.
Your icy white scales are hard. (AC +10)
You cannot fit into any form of body armour.
Your flesh is cold resistant. (rC+)
You are cold-blooded and may be slowed by cold attacks.
You are agile. (Dex +2)
Your muscles are strong. (Str +2)


Message History

The blast of lightning engulfs you! You resist.
* * * LOW HITPOINT WARNING * * *
The blast of lightning engulfs the ironbrand convoker.
You kill the ironbrand convoker!
Okawaru accepts your kill.
Your ball lightning explodes!
The blast of lightning engulfs you! You resist.
* * * LOW HITPOINT WARNING * * *
The blast of lightning engulfs the freezing wraith.
The freezing wraith is almost destroyed.
The blast of lightning engulfs the yaktaur.
The yaktaur is almost dead.
The yaktaur wields an arbalest.
The yaktaur shoots a bolt.
You block the bolt. The freezing wraith misses you.
You riposte.
You hit the freezing wraith but do no damage.
Your tail-slap misses the freezing wraith.
The freezing wraith is almost destroyed.
You block the freezing wraith's attack.
The stone giant throws a large rock.
The large rock hits you!
You die...

##.....# ##..<.#
##...# #'#+###+#
## #.......# TT
###.......#####'#
#....###....+(p.#
#..(.# #....#W###
#..### ###..)@).#
#..# #..#)###
#..### ###..#)c
#....# #....#C##
#....###....#o#
###.......###.#
#.......# #.#
######### #.#


You could see an ironheart preserver, a stone giant, a deep troll, a deep troll
earth mage, a yaktaur, a freezing wraith and an orc warrior.

Vanquished Creatures
  Sojobo (Vaults:3)
  Margery (Vaults:3)
  Jorgrun (Swamp:3)
  A thorn hunter (Swamp:1)
  A sphinx (Vaults:3)
  4 nagarajas (Snake:4)
  3 tengu reavers (Vaults:3)
  2 deep elf sorcerers
  A frost giant (Vaults:3)
  An orc warlord (Vaults:2)
  Aizul (Swamp:4)
  5 vault wardens
  11 ironheart preservers
  2 very ugly things (Swamp:4)
  3 stone giants
  The ghost of esteth the End of an Era, a journeyman MiFi of Qazlal (Lair:6)
  A deep elf demonologist (Vaults:3)
  Nessos (Orc:2)
  A deep elf annihilator (Vaults:4)
  2 entropy weavers (Vaults:3)
  3 ettins
  The ghost of PeterLawrence the Blocker, a journeyman GrFi of Okawaru (Lair:4)
  A green death (Swamp:4)
  2 deep elf death magi (Vaults:3)
  2 death oozes (Swamp:4)
  5 yaktaur captains
  Josephine (D:13)
  Fannar (D:11)
  10 hydras
  2 ice dragons
  5 vault guards
  13 naga warriors
  6 ogre magi
  6 alligators
  7 centaur warriors
  5 anacondas
  2 ghost crabs (Swamp:4)
  A deep troll shaman (Vaults:3)
  A death knight (Vaults:3)
  A deep troll earth mage (Vaults:3)
  A thrashing horror (Swamp:4)
  5 shock serpents
  6 deep elf knights
  Sonja (D:15)
  A death drake (shapeshifter) (D:13)
  2 shadow wraiths
  8 naga sharpshooters
  5 hell knights (Vaults:3)
  6 skeletal warriors
  4 salamander mystics
  8 swamp dragons
  3 deep trolls (Vaults:3)
  3 unseen horrors
  A spriggan druid (Swamp:3)
  A shambling mangrove (Swamp:3)
  8 naga ritualists
  8 hill giants
  A flayed ghost (Vaults:2)
  5 deep elf archers
  4 harpies (Vaults:3)
  9 ironbrand convokers
  A lindwurm (Lair:4)
  2 necromancers
  14 deep elf magi
  A phantasmal warrior (Vaults:3)
  10 orc knights
  3 wolf spiders
  11 mana vipers
  An orb spider (shapeshifter) (Vaults:1)
  34 ugly things
  A wolf spider zombie (D:15)
  An oklob plant (Snake:1)
  7 cyclopes
  3 orc sorcerers
  12 salamanders
  2 manticores
  A faun (shapeshifter) (Vaults:1)
  3 guardian serpents
  An elephant (Lair:5)
  4 centaur zombies
  7 vault sentinels
  Maurice (D:8)
  2 orange demons (Swamp:4)
  17 naga magi
  39 black mambas
  Joseph (Lair:1)
  2 gargoyles
  7 komodo dragons
  17 spiny frogs
  A yaktaur (shapeshifter) (Vaults:1)
  2 centaur skeletons
  7 freezing wraiths
  2 efreet (D:15)
  4 rime drakes
  10 yaktaurs
  A minotaur zombie (Lab)
  7 trolls
  A jumping spider (Vaults:3)
  3 polar bears
  7 two-headed ogres
  A hornet (shapeshifter) (D:15)
  7 hornets
  4 tyrant leeches
  14 bog bodies
  10 hippogriffs
  19 slime creatures
  16 blink frogs
  A stone giant simulacrum (Vaults:2)
  5 shadows
  3 spriggans
  7 wraiths
  10 wyverns
  6 redbacks
  3 hogs
  5 basilisks
  3 fire bats (Lair:1)
  31 yaks
  Eustachio (D:6)
  A basilisk (shapeshifter) (D:13)
  13 vampire mosquitoes
  A large abomination (Swamp:4)
  6 insubstantial wisps
  52 nagas
  6 wargs
  4 mottled dragons
  A swamp worm (shapeshifter) (Vaults:2)
  A soldier ant (D:12)
  A hell hound (Lair:1)
  15 water moccasins
  18 swamp worms
  5 porcupines
  4 ice beasts
  50 orc warriors
  A sky beast (D:5)
  3 black bears
  3 phantoms
  2 necrophages
  4 boggarts
  An eye of draining (D:13)
  8 swamp drakes
  26 ogres
  15 wolves
  23 centaurs
  3 big kobolds
  16 crocodiles
  13 bullfrogs
  A wyvern zombie (D:14)
  A glowing shapeshifter simulacrum (Vaults:3)
  5 scorpions
  10 killer bees
  4 howler monkeys
  An electric eel (Lair:3)
  4 crimson imps
  2 jellies
  A quasit (D:6)
  2 human simulacra
  6 hounds
  2 gnoll shamans
  21 orc priests
  4 bullfrog skeletons
  Jessica (D:3)
  3 iguanas
  11 orc wizards
  4 hell rats (Lair:5)
  14 worker ants
  3 hound zombies
  A hound skeleton (D:6)
  3 worker ant zombies
  6 gnolls
  18 adders
  4 shadow imps
  An ooze (D:2)
  2 adder skeletons
  A worm (D:2)
  2 dart slugs (D:2)
  6 leopard geckos
  82 orcs
  5 giant cockroaches
  9 hobgoblins
  14 jackals
  17 kobolds
  6 quokkas
  A ball python (D:2)
  8 bats
  5 goblins
  A jackal zombie (D:5)
  4 rats
  A briar patch (Swamp:1)
  5 crawling corpses (Vaults:3)
  A fungus (Lair:2)
1204 creatures vanquished.

Vanquished Creatures (collateral kills)
  Rupert (Lair:2)
  2 thorn hunters
  Kirke (D:14)
  A fire giant (D:15)
  2 nagarajas
  2 ironheart preservers (Vaults:1)
  A deep elf annihilator (Vaults:1)
  Snorg (Lair:3)
  A green death (Swamp:4)
  A minotaur (Lab)
  A fire dragon (Lair:6)
  A centaur warrior (Vaults:2)
  4 naga warriors
  2 catoblepae
  2 anacondas
  A hell beast (Swamp:4)
  9 hydras
  A tengu warrior (D:14)
  2 alligators
  Erica (Lair:1)
  3 naga sharpshooters
  A shock serpent (D:12)
  2 skeletal warriors (D:13)
  2 swamp dragons
  3 naga ritualists
  2 orc knights
  An ironbrand convoker (Vaults:2)
  13 ugly things
  An orc sorcerer (Orc:1)
  8 deep elf magi
  2 mana vipers
  7 salamanders
  5 naga magi
  2 elephants (Lair:5)
  7 black mambas
  A torpor snail (Lair:6)
  3 spiny frogs
  An orange demon (Swamp:4)
  A yaktaur (Vaults:1)
  3 ball lightnings
  5 komodo dragons
  A tengu conjurer (D:14)
  A two-headed ogre (D:12)
  A tyrant leech (Swamp:2)
  A minotaur zombie (Lab)
  5 hornets
  8 blink frogs
  3 trolls
  7 slime creatures
  2 bog bodies (Swamp:4)
  4 hippogriffs
  A spriggan (Swamp:3)
  3 wyverns
  A shadow (D:12)
  A wraith (D:13)
  2 basilisks
  A human (D:8)
  4 steam dragons (Lair:6)
  18 yaks
  3 hogs (D:8)
  Grum (D:8)
  4 hungry ghosts
  A vampire mosquito (D:15)
  20 nagas
  An insubstantial wisp (Swamp:4)
  17 orc warriors
  A porcupine (Lair:1)
  6 water moccasins
  4 ogres
  An ice beast (D:7)
  2 necrophages
  6 wolves
  6 centaurs
  3 crocodiles
  2 bullfrogs
  9 killer bees (D:9)
  2 crimson imps (D:9)
  2 centaur skeletons
  A jelly (D:10)
  2 orc priests
  4 orc wizards
  A hound (D:9)
  An iguana (Lair:6)
  A gnoll shaman (D:9)
  2 hell rats (Lair:5)
  A worker ant (Lair:6)
  A howler monkey zombie (D:8)
  A worker ant zombie (D:9)
  6 gnolls (D:9)
  3 adders (Lair:6)
  47 orcs
  A fungus (Lair:6)
337 creatures vanquished.

Vanquished Creatures (others)
  2 deep elf magi
  An orange demon (Swamp:4)
  102 ball lightnings
  A two-headed ogre (Volcano)
  A basilisk (Lair:6)
  4 insubstantial wisps (Swamp:4)
  An orc warrior (Orc:2)
  A centaur (Volcano)
  A big kobold (D:14)
  An orc priest (Vaults:2)
  A leopard gecko (D:6)
  An orc (Vaults:2)
  3 kobolds (D:14)
  A briar patch (Swamp:1)
  24 fungi
  46 plants
191 creatures vanquished.

Grand Total: 1732 creatures vanquished

Notes
Turn   | Place    | Note
-------+----------+-------------------------------------------
     0 | D:1      | HEYYEYAAE the Draconian Ice Elementalist began the quest for the Orb.
     0 | D:1      | Reached XP level 1. HP: 14/14 MP: 3/3
   430 | D:1      | Reached XP level 2. HP: 16/22 MP: 3/5
  1051 | D:2      | Reached XP level 3. HP: 21/27 MP: 2/6
  1433 | D:2      | Reached skill level 1 in Fighting
  1766 | D:2      | Found an opulent altar of Gozag.
  1875 | D:2      | Reached XP level 4. HP: 35/35 MP: 5/8
  2041 | D:3      | Found a stormy altar of Qazlal.
  2356 | D:3      | Noticed Jessica
  2363 | D:3      | Killed Jessica
  2876 | D:4      | Reached XP level 5. HP: 13/41 MP: 2/10
  3197 | D:4      | Noticed an ogre
  3206 | D:4      | Killed an ogre
  3206 | D:4      | Reached XP level 6. HP: 36/50 MP: 4/11
  3254 | D:4      | Found a staircase to the Ecumenical Temple.
  3338 | Temple   | Entered the Ecumenical Temple
  3574 | Temple   | Became a worshipper of Warmaster Okawaru
  3784 | D:4      | Reached skill level 5 in Ice Magic
  3895 | D:4      | Found a sparkling altar of Nemelex Xobeh.
  3952 | D:4      | HP: 2/51 [something/puff of flame (9)]
  4002 | D:4      | HP: 2/51 [orc wizard/puff of flame (10)]
  4003 | D:4      | Your scales start taking on an icy white colour.
  4003 | D:4      | Reached XP level 7. HP: 3/57 MP: 5/13
  4003 | D:4      | Gained mutation: Your flesh is cold resistant. (rC+) [White Draconian growth]
  4333 | D:4      | Learned a level 4 spell: Throw Icicle
  4337 | D:4      | Learned a level 3 spell: Ozocubu's Armour
  4342 | D:4      | Learned a level 4 spell: Summon Ice Beast
  4467 | D:4      | Found a bloodstained altar of Trog.
  4539 | D:5      | Entered Level 5 of the Dungeon
  4708 | D:5      | Reached * piety under Okawaru
  5198 | D:6      | Reached skill level 5 in Spellcasting
  5628 | D:6      | Reached XP level 8. HP: 66/66 MP: 8/15
  6209 | D:6      | Found a burning altar of Makhleb.
  6253 | D:6      | Reached ** piety under Okawaru
  6744 | D:6      | Noticed Eustachio
  6754 | D:6      | Killed Eustachio
  6754 | D:6      | Reached skill level 5 in Fighting
  7240 | D:7      | Reached XP level 9. HP: 42/71 MP: 18/18
  7747 | D:7      | Reached skill level 1 in Shields
  7830 | D:8      | Reached *** piety under Okawaru
  7893 | D:8      | Noticed Maurice
  7901 | D:8      | Killed Maurice
  7901 | D:8      | Reached skill level 5 in Dodging
  7935 | D:8      | Noticed Grum
  7956 | D:8      | Killed Grum
  7956 | D:8      | Received a gift from Okawaru
  8145 | D:8      | Found a staircase to the Lair.
  8339 | D:8      | Found a deep blue altar of Sif Muna.
  8658 | D:8      | Reached **** piety under Okawaru
  8665 | D:8      | Reached skill level 10 in Ice Magic
  9094 | D:9      | Found a flagged portal.
  9139 | D:9      | Got a pair of transparent boots
  9146 | D:9      | Identified the +2 pair of boots "Wuapuy" {Dex+5 Stlth-} (You found it on level 9 of the Dungeon)
  9178 | Bailey   | Entered a bailey
  9251 | Bailey   | Learned a level 2 spell: Throw Frost
  9340 | Bailey   | Reached XP level 10. HP: 76/83 MP: 2/21
  9699 | Bailey   | Got a dazzling cloak
  9711 | Bailey   | Identified the +0 cloak of Immorality {+Inv Dex+4} (You found it in a bailey)
  9760 | Bailey   | Got agate-studded gold dragon scales
  9800 | D:9      | Reached ***** piety under Okawaru
  9828 | D:9      | Reached skill level 1 in Evocations
  9858 | D:9      | Found a snail-covered altar of Cheibriados.
  9861 | D:9      | Found a hide-covered altar of Uskayaw.
 10082 | D:9      | Found a shimmering altar of Xom.
 10677 | D:10     | Entered Level 10 of the Dungeon
 10718 | D:10     | Received a gift from Okawaru
 10968 | D:10     | Noticed a white ugly thing
 11033 | D:10     | HP: 1/84 [white ugly thing (6)]
 11066 | D:10     | Killed a white ugly thing
 11641 | D:10     | Found a roughly hewn altar of Beogh.
 11641 | D:10     | Found a staircase to the Orcish Mines.
 12051 | D:11     | Noticed Fannar
 12122 | D:11     | Killed Fannar
 12122 | D:11     | Reached XP level 11. HP: 80/92 MP: 13/23
 12167 | D:11     | Noticed a hill giant
 12178 | D:11     | Killed a hill giant
 12989 | D:11     | Noticed a hill giant
 12996 | D:11     | Killed a hill giant
 13370 | D:12     | Noticed a hill giant
 13384 | D:12     | Killed a hill giant
 13504 | D:12     | Noticed a seven-headed hydra
 13555 | D:12     | Killed a seven-headed hydra
 13680 | D:12     | Noticed a deep elf mage
 13858 | D:12     | Killed an unseen horror
 13858 | D:12     | Reached skill level 5 in Shields
 14526 | D:12     | Reached ****** piety under Okawaru
 14864 | D:12     | Received a gift from Okawaru
 15067 | D:12     | Found a roughly hewn altar of Beogh.
 15067 | D:12     | Noticed an orc knight
 15110 | D:12     | Noticed a shock serpent
 15110 | D:12     | an orc knight changed into a shock serpent
 15429 | D:12     | Killed a shock serpent
 15629 | D:12     | Killed a deep elf mage
 16147 | D:12     | Reached skill level 10 in Spellcasting
 16553 | D:13     | Reached XP level 12. HP: 101/101 MP: 10/26
 16837 | Lair:1   | Entered Level 1 of the Lair of Beasts
 16856 | Lair:1   | Found a dark tunnel.
 16904 | Volcano  | Entered a volcano
 17010 | Volcano  | Noticed a hell hog
 17559 | Lair:1   | Noticed Erica
 17580 | Lair:1   | Killed Erica
 17647 | Lair:1   | Received a gift from Okawaru
 17685 | Lair:1   | Identified a scroll of acquirement
 17729 | Lair:1   | Noticed Joseph
 17770 | Lair:1   | Killed Joseph
 17770 | Lair:1   | Reached skill level 5 in Evocations
 17973 | Lair:1   | Noticed a five-headed hydra
 17980 | Lair:1   | Killed a three-headed hydra
 18188 | Lair:1   | Noticed a five-headed hydra
 18196 | Lair:1   | Killed a five-headed hydra
 18196 | Lair:1   | Received a gift from Okawaru
 18199 | Lair:1   | Got a bloodstained quarterstaff {god gift}
 18573 | Lair:2   | Identified the +6 quarterstaff of Havoc {venom, Str+3} (Okawaru gifted it to you on level 1 of the Lair of Beasts)
 18582 | Lair:2   | Learned a level 2 spell: Blink
 18586 | Lair:2   | Learned a level 3 spell: Mephitic Cloud
 18589 | Lair:2   | Learned a level 2 spell: Repel Missiles
 18972 | Lair:2   | Received a gift from Okawaru
 19198 | Lair:2   | Reached XP level 13. HP: 104/110 MP: 19/28
 19538 | Lair:2   | Noticed Nergalle
 19539 | Lair:2   | Noticed Nergalle
 19539 | Lair:2   | Nergalle changed into Nergalle the swamp dragon
 19548 | Lair:2   | Killed Nergalle the swamp dragon
 19697 | Lair:3   | Noticed Rupert
 19944 | Lair:2   | Paralysed by Rupert for 7 turns
 19960 | Lair:2   | Killed Rupert
 20185 | Lair:3   | Found a staircase to the Snake Pit.
 20208 | Lair:3   | Noticed Snorg
 20215 | Lair:3   | Killed Snorg
 20279 | Lair:3   | Learned a level 3 spell: Dazzling Spray
 20481 | Lair:3   | Got a smoking platinum ring
 20482 | Lair:3   | Identified the ring "Vorgh" {MR+ Str+3 Dex+2} (You found it on level 3 of the Lair of Beasts)
 20658 | Lair:3   | Received a gift from Okawaru
 20716 | Lair:3   | Found a staircase to the Swamp.
 20960 | Lair:4   | Noticed PeterLawrence's ghost (journeyman GrFi)
 20980 | Lair:4   | Found a labyrinth entrance.
 21043 | Lab      | Entered a labyrinth
 21607 | Lab      | Noticed a minotaur
 21619 | Lab      | Killed a minotaur
 21802 | Lab      | Got a sparkling silver ring
 21804 | Lab      | Identified the ring "Qumumos" {Dex+3 Stlth+} (You found it in a labyrinth)
 21817 | Lab      | Got a crude steel amulet
 21819 | Lab      | Identified the amulet "Vicog" {Faith *Corrode rC+ rN+ Dex+4} (You found it in a labyrinth)
 21878 | Lair:4   | Killed PeterLawrence's ghost
 22887 | Lair:5   | Got an encrusted dire flail
 22925 | Lair:5   | Found a viscous altar of Jiyva.
 22926 | Lair:5   | Found a staircase to the Slime Pits.
 22952 | Lair:5   | Identified the +4 dire flail "Der Toopp" {crush, *Noise rN++ MP+9 Int+2} (You found it on level 5 of the Lair of Beasts)
 23475 | Slime:1  | Entered Level 1 of the Pits of Slime
 23475 | Slime:1  | Noticed an acid blob
 23503 | Lair:6   | Entered Level 6 of the Lair of Beasts
 23505 | Lair:6   | Noticed esteth's ghost (journeyman MiFi)
 23952 | Lair:6   | Reached skill level 15 in Ice Magic
 23965 | Lair:6   | Reached skill level 10 in Fighting
 24149 | Lair:6   | Received a gift from Okawaru
 24210 | Lair:6   | Got a blackened cloak {god gift}
 24225 | Lair:6   | Identified the -1 cloak of Maoreop {rElec Regen+ Int+3} (Okawaru gifted it to you on level 6 of the Lair of Beasts)
 24367 | Lair:6   | Reached XP level 14. HP: 121/121 MP: 30/30
 24518 | Lair:6   | Learned a level 6 spell: Conjure Ball Lightning
 24521 | Lair:6   | Gained mutation: Your muscles are strong. (Str +2) [potion of beneficial mutation]
 24594 | Lair:6   | Killed esteth's ghost
 24886 | Lair:6   | Reached skill level 1 in Air Magic
 25066 | Lair:6   | Received a gift from Okawaru
 25295 | Lair:6   | Gained mutation: You are agile. (Dex +2) [potion of beneficial mutation]
 25725 | Orc:1    | Entered Level 1 of the Orcish Mines
 26328 | Orc:2    | Entered Level 2 of the Orcish Mines
 26407 | Orc:2    | Found a staircase to the Elven Halls.
 26657 | Orc:2    | Found Nuggumo's Gadget Emporium.
 26805 | Orc:2    | Noticed Nessos
 27052 | Orc:2    | Received a gift from Okawaru
 27158 | Orc:2    | Found Darivvap's Magic Scroll Shoppe.
 27158 | Orc:2    | Found Orchojao's Antique Weapon Shop.
 27160 | Orc:2    | Found Poalafox's Weapon Boutique.
 27162 | Orc:2    | Found Oshem's General Store.
 27171 | Orc:2    | Bought a scroll of teleportation for 42 gold pieces
 27171 | Orc:2    | Bought a scroll of teleportation for 42 gold pieces
 27171 | Orc:2    | Bought a scroll of identify for 28 gold pieces
 27171 | Orc:2    | Bought a scroll of enchant armour for 105 gold pieces
 27180 | Orc:2    | Bought a scroll of magic mapping for 49 gold pieces
 27182 | Orc:2    | Bought a bread ration for 70 gold pieces
 27182 | Orc:2    | Bought 24 bolts for 67 gold pieces
 27182 | Orc:2    | Bought a scroll of recharging for 133 gold pieces
 27182 | Orc:2    | Bought a potion of cancellation for 112 gold pieces
 27331 | Orc:2    | Killed Nessos
 27617 | Orc:2    | Bought a sack of spiders for 260 gold pieces
 27748 | D:13     | Noticed Josephine
 27869 | D:13     | Killed Josephine
 28131 | D:13     | Received a gift from Okawaru
 28176 | D:13     | Found an opulent altar of Gozag.
 28307 | D:13     | Reached XP level 15. HP: 53/130 MP: 4/31
 28326 | D:13     | Reached skill level 1 in Crossbows
 28660 | D:14     | Noticed Kirke
 28679 | D:14     | Killed Kirke
 28777 | D:14     | Found a gate to the Vaults.
 29343 | D:15     | Entered Level 15 of the Dungeon
 29621 | D:15     | Noticed a fire giant
 29630 | D:15     | Killed a fire giant
 29676 | D:15     | Found a staircase to the Depths.
 29803 | D:15     | Received a gift from Okawaru
 29898 | D:15     | Reached skill level 1 in Long Blades
 30435 | D:15     | Noticed Sonja
 30437 | D:15     | Killed Sonja
 30698 | D:15     | Received a gift from Okawaru
 30931 | Swamp:1  | Entered Level 1 of the Swamp
 30985 | Swamp:1  | Noticed a thorn hunter
 30997 | Swamp:1  | Killed a thorn hunter
 31667 | Swamp:2  | Received a gift from Okawaru
 31837 | Swamp:2  | Got a polished long sword
 31914 | Swamp:2  | Identified the +6 long sword of the Sun {slice, *Slow rF+ Int+6 Stlth+} (You found it on level 2 of the Swamp)
 31997 | Swamp:2  | Noticed a thorn hunter
 32013 | Swamp:2  | Killed a thorn hunter
 32589 | Swamp:3  | Received a gift from Okawaru
 32761 | Swamp:3  | Reached XP level 16. HP: 119/141 MP: 31/33
 32792 | Swamp:3  | Noticed Jorgrun
 32885 | Swamp:3  | Killed Jorgrun
 33236 | Swamp:3  | Reached skill level 10 in Dodging
 33576 | Swamp:4  | Entered Level 4 of the Swamp
 33580 | Swamp:4  | Reached skill level 5 in Air Magic
 33775 | Swamp:4  | Reached skill level 5 in Conjurations
 33822 | Swamp:4  | Received a gift from Okawaru
 33938 | Swamp:4  | Noticed Aizul
 33954 | Swamp:4  | Killed Aizul
 33955 | Swamp:4  | Noticed a thorn hunter
 33970 | Swamp:4  | Killed a thorn hunter
 34719 | Swamp:4  | Received a gift from Okawaru
 34924 | Swamp:4  | Got a decaying rune of Zot
 35302 | Lair:3   | Received a gift from Okawaru
 35414 | Lair:3   | Got a pair of polished boots {god gift}
 35420 | Lair:3   | Identified the +1 pair of boots "Jiak" {Slay+4} (Okawaru gifted it to you on level 3 of the Lair of Beasts)
 35463 | Snake:1  | Entered Level 1 of the Snake Pit
 35486 | Snake:1  | Found a bloodstained altar of Trog.
 35923 | Snake:1  | Learned a level 2 spell: Passwall
 36391 | Snake:1  | Reached XP level 17. HP: 148/150 MP: 34/34
 36896 | Snake:2  | Received a gift from Okawaru
 36993 | Snake:2  | Got a pair of polished gloves {god gift}
 36995 | Snake:2  | Identified the +1 pair of gloves "Nipra" {rF+ rC+ rN+} (Okawaru gifted it to you on level 2 of the Snake Pit)
 37157 | Snake:2  | Found a radiant altar of Vehumet.
 37204 | Snake:2  | Reached skill level 5 in Long Blades
 37243 | Snake:2  | Found Roorhem's Antique Weapon Shoppe.
 37257 | Snake:2  | Found Vytror's Antique Weapon Emporium.
 37849 | Snake:2  | Reached skill level 10 in Shields
 38545 | Snake:3  | Noticed Mara
 38549 | Snake:3  | Found a basalt altar of Yredelemnul.
 38570 | Snake:3  | Received a gift from Okawaru
 39006 | Snake:3  | Noticed HEYYEYAAE's illusion
 39042 | Snake:4  | Entered Level 4 of the Snake Pit
 39226 | Snake:3  | Noticed HEYYEYAAE's illusion
 39451 | Snake:3  | Noticed HEYYEYAAE's illusion
 40468 | Snake:4  | Received a gift from Okawaru
 40883 | Snake:4  | Received a gift from Okawaru
 41569 | Snake:4  | Reached XP level 18. HP: 130/161 MP: 26/36
 41918 | Snake:4  | Reached skill level 15 in Spellcasting
 42065 | Snake:4  | Got a serpentine rune of Zot
 42806 | Vaults:1 | Entered Level 1 of the Vaults
 42820 | Vaults:1 | Reached skill level 15 in Fighting
 43041 | Vaults:1 | Received a gift from Okawaru
 43960 | Vaults:1 | Received a gift from Okawaru
 44886 | Vaults:2 | Received a gift from Okawaru
 44928 | Vaults:2 | Found a flickering gateway to a bazaar.
 44939 | Bazaar   | Entered a bazaar
 44961 | Bazaar   | Found Wipsidy's Antique Armour Boutique.
 44992 | Bazaar   | Found Oskum's Assorted Antiques.
 45028 | Bazaar   | Found Daock's Jewellery Boutique.
 45052 | Bazaar   | Found Jenuem's Magic Scroll Boutique.
 45110 | Bazaar   | Bought a scintillating lead ring for 110 gold pieces
 45112 | Bazaar   | Identified the ring of False Pretenses {-Tele rPois MP+9 Int+5} (You bought it in a shop in a bazaar)
 45151 | Bazaar   | Bought the ring "Macouschy" {rPois MP+9 Stlth+} for 344 gold pieces
 45177 | Bazaar   | Bought a scroll of enchant armour for 97 gold pieces
 45177 | Bazaar   | Bought a scroll of teleportation for 39 gold pieces
 45177 | Bazaar   | Bought a scroll of enchant weapon for 97 gold pieces
 45177 | Bazaar   | Bought a scroll of enchant weapon for 97 gold pieces
 45177 | Bazaar   | Bought a scroll of recharging for 123 gold pieces
 45177 | Bazaar   | Bought a scroll of magic mapping for 45 gold pieces
 45177 | Bazaar   | Bought a scroll of fog for 26 gold pieces
 45246 | Bazaar   | Bought a sack of spiders for 440 gold pieces
 45300 | Bazaar   | Bought a scroll of summoning for 123 gold pieces
 45573 | Vaults:2 | Got a brightly glowing hand crossbow {god gift}
 45582 | Vaults:2 | Learned a level 2 spell: Shroud of Golubria
 45586 | Vaults:2 | Learned a level 3 spell: Portal Projectile
 46047 | Vaults:2 | Identified the +0 hand crossbow of Voysseuw {freeze, +Blink +Inv Str-5 Stlth+} (Okawaru gifted it to you on level 2 of the Vaults)
 46064 | Vaults:2 | Learned a level 1 spell: Apportation
 46084 | Vaults:2 | Reached skill level 1 in Translocations
 46084 | Vaults:2 | Received a gift from Okawaru
 46510 | Vaults:2 | Reached XP level 19. HP: 172/172 MP: 38/38
 46679 | Vaults:3 | Noticed Margery
 46679 | Vaults:3 | Noticed Sojobo
 46972 | Vaults:3 | HP: 4/172 [acid (13)]
 47510 | Vaults:3 | Killed Sojobo
 47754 | Vaults:3 | Received a gift from Okawaru
 48320 | Vaults:3 | Killed Margery
 48320 | Vaults:3 | Received a gift from Okawaru
 49079 | Vaults:3 | Found a staircase to the Crypt.
 49079 | Vaults:3 | Found an ancient bone altar of Kikubaaqudgha.
 49081 | Vaults:3 | Found a basalt altar of Yredelemnul.
 49273 | Vaults:3 | Found Miekk's Antique Armour Boutique.
 49352 | Vaults:3 | Reached skill level 10 in Long Blades
 49627 | Vaults:3 | Got an iridescent falchion {god gift}
 49629 | Vaults:3 | Identified the +7 falchion "Beetle's Death Toll" {pain, rF+ Str+3 Dex+4 Stlth+} (Okawaru gifted it to you on level 3 of the Vaults)
 49642 | Vaults:3 | Got a twisted cloak {god gift}
 49654 | Vaults:3 | Identified the +4 cloak of Vuewig {MP+9} (Okawaru gifted it to you on level 3 of the Vaults)
 49733 | Vaults:4 | HP: 7/172 [ball lightning[the player character] (2)]
 49733 | Vaults:4 | Hit by a large rock thrown by a stone giant

Skill      XL: |  1  2  3  4  5  6  7  8  9 10 11 12 13 14 15 16 17 18 19 |
---------------+----------------------------------------------------------+-----
Dodging        | 2 3 4 5 6 7 8 9 10 | 10.5
Fighting       | 1 2 3 4 5 6 7 8 9 10 11 12 13 14 15 16 | 16.1
Spellcasting   | 3 4 5 6 7 8 10 11 12 13 14 15 16 | 16.0
Ice Magic      | 4 6 7 8 10 11 12 14 15 16 | 16.6
Shields        | 2 4 5 6 7 8 9 10 11 | 11.8
Evocations     | 2 4 5 7 8 9 |  9.6
Air Magic      | 3 4 5 7 8 9 |  9.2
Conjurations   | 3 4 5 7 9 |  9.4
Crossbows      | 3 4 |  4.7
Long Blades    | 2 4 5 10 | 10.6
Translocations | 1 3 |  3.1
Stealth        | |  1.7

Action                   |  1- 3 |  4- 6 |  7- 9 | 10-12 | 13-15 | 16-18 | 19-21 || total
-------------------------+-------+-------+-------+-------+-------+-------+-------++-------
Melee: Unarmed           |   111 |    93 |    82 |    10 |       |       |       ||   296
       Tailslap          |     8 |     6 |    52 |   131 |   302 |   293 |    51 ||   843
       Dagger            |       |       |   275 |   319 |       |       |       ||   594
       Punch             |       |       |       |     2 |       |       |       ||     2
       Quarterstaff      |       |       |       |    69 |       |       |       ||    69
       War axe           |       |       |       |   220 |       |       |       ||   220
       Scimitar          |       |       |       |    48 |  1136 |  1233 |   200 ||  2617
       Long sword        |       |       |       |       |     3 |       |       ||     3
       Falchion          |       |       |       |       |       |       |    14 ||    14
 Cast: Freeze            |    46 |    96 |   115 |    90 |     3 |    14 |       ||   364
       Throw Icicle      |       |       |    17 |    74 |    62 |   101 |    64 ||   318
       Summon Ice Beast  |       |       |    45 |   147 |   219 |   219 |     3 ||   633
       Ozocubu's Armour  |       |       |     1 |    33 |    73 |   101 |    23 ||   231
       Throw Frost       |       |       |     2 |       |       |       |       ||     2
       Blink             |       |       |       |       |     1 |    13 |     1 ||    15
       Conjure Ball Ligh |       |       |       |       |       |    18 |    27 ||    45
       Repel Missiles    |       |       |       |       |       |     8 |       ||     8
       Mephitic Cloud    |       |       |       |       |       |     1 |       ||     1
Invok: Heroism           |       |       |       |     4 |     1 |     8 |     1 ||    14
 Abil: Breathe Frost     |       |       |       |    11 |     4 |     2 |       ||    17
Evoke: Wand              |       |     2 |     6 |    41 |    12 |    44 |     7 ||   112
       Fan of gales      |       |       |       |     1 |       |     1 |       ||     2
       Box of beasts     |       |       |       |       |     1 |     1 |       ||     2
       Sack of spiders   |       |       |       |       |     1 |       |       ||     1
       Lamp of fire      |       |       |       |       |     1 |     2 |     1 ||     4
  Use: Potion            |       |     3 |     1 |    12 |     4 |    14 |     3 ||    37
       Scroll            |       |       |    10 |    18 |    43 |    26 |     4 ||   101
 Stab: Sleeping          |     2 |     4 |    11 |       |     1 |     3 |     1 ||    22
       Distracted        |       |       |     1 |     5 |    15 |     9 |     1 ||    31
       Paralysed         |       |       |       |     7 |     4 |     2 |       ||    13
       Confused          |       |       |       |     2 |     3 |       |       ||     5
  Eat: Chunk             |     4 |     6 |    23 |    42 |    37 |    23 |     3 ||   138
       Beef jerky        |       |       |     1 |     1 |     3 |     7 |       ||    12
       Pizza             |       |       |     1 |     5 |     3 |       |       ||     9
       Fruit             |       |       |       |     4 |       |    20 |       ||    24
       Royal jelly       |       |       |       |       |     2 |     1 |       ||     3
       Bread ration      |       |       |       |       |       |     1 |     2 ||     3
Armor: Skin              |    62 |    65 |   170 |   392 |   484 |   467 |    67 ||  1707
Dodge: Dodged            |   103 |   118 |   348 |   882 |  1210 |  1321 |   189 ||  4171
       Deflected         |       |       |       |       |       |    22 |     6 ||    28
Block: Buckler           |       |       |       |   221 |   794 |   793 |   113 ||  1921
       Reflection        |       |       |       |     3 |    18 |       |       ||    21
       Rpst.: Scimitar   |       |       |       |    14 |   305 |   225 |    41 ||   585
       Falchion          |       |       |       |       |       |       |     6 ||     6
